 Dungeon Crawl Stone Soup version 0.19-a0-1168-g98094fc (webtiles) character file.

109 Leszczynek the Cudgeler (level 4, -1/45 HPs)
             Began as an Ogre Earth Elementalist on Aug 15, 2016.
             Slain by Prince Ribbit (5 damage)
             ... on level 6 of the Dungeon.
             The game lasted 00:07:51 (1374 turns).

Leszczynek the Cudgeler (Ogre Earth Elementalist)   Turns: 1374, Time: 00:07:51

Health: -1/45      AC:  3    Str: 19    XL:     4   Next: 89%
Magic:  7/7        EV: 10    Int: 14    God:
Gold:   138        SH:  0    Dex: 10    Spells: 2 memorised, 4 levels left

rFire  . . .     SeeInvis .     a - +0 mace
rCold  . . .     Gourm    .     c - +0 robe
rNeg   . . .     Faith    .     (no shield)
rPois  .         Spirit   .     (helmet restricted)
rElec  .         Dismiss  .     (no cloak)
rCorr  .         Reflect  .     (gloves unavailable)
MR     .....     Harm     .     (boots unavailable)
Stlth  +.........               l - amulet of regeneration
                                (no ring)
                                (no ring)

@: mighty, drained
A: unfitting armour, tough skin 1
a: no special abilities


You were on level 6 of the Dungeon.
You were not hungry.

You visited 1 branch of the dungeon, and saw 6 of its levels.

You collected 138 gold pieces.

Inventory:

Hand Weapons
 a - a +0 mace (weapon)
Missiles
 b - 36 stones (quivered)
 h - 4 tomahawks
Armour
 c - a +0 robe (worn)
Jewellery
 l - an amulet of regeneration (around neck)
Scrolls
 i - 4 scrolls of recharging
 j - a scroll of teleportation {unknown}
 m - a scroll of remove curse
 n - a scroll of noise {unknown}
 q - a scroll of amnesia {unknown}
 r - a scroll of enchant armour {unknown}
Potions
 g - a potion of heal wounds
 p - a potion of ambrosia
Books
 e - a book of Geomancy

   Spells                             Type                      Level
   a - Sandblast                      Earth                        1
   b - Passwall                       Transmutation/Earth          2
   c - Stone Arrow                    Conjuration/Earth            3
   d - Petrify                        Transmutation/Earth          4
   e - Lee's Rapid Deconstruction     Earth                        5
Comestibles
 d - 2 bread rations
 f - 2 beef jerkies
 k - 4 meat rations
 s - a slice of pizza


   Skills:
 + Level 3.1(3.0) Fighting
 * Level 4.6(4.5) Maces & Flails
 - Level 1.7 Dodging
 - Level 1.5 Stealth
 - Level 2.4(2.3) Spellcasting
 - Level 0.6(0.5) Transmutations
 - Level 2.1 Earth Magic


You had 4 spell levels left.
You knew the following spells:

 Your Spells              Type           Power        Failure   Level  Hunger
a - Sandblast             Erth           #.....       12%         1    #......
b - Passwall              Tmut/Erth      #.........   24%         2    ###....


Dungeon Overview and Level Annotations

Branches:
Dungeon (6/15)
 Temple: D:4-7

Altars:
Ashenzari

Annotations:
D:6 Eustachio, Prince Ribbit


Innate Abilities, Weirdness & Mutations

You are too large for most types of armour.
You have tough skin. (AC +1)


Message History

You barely miss Prince Ribbit.
Prince Ribbit blinks!
Prince Ribbit blinks!
Okay, then.
Found 2 cyan potions.
Prince Ribbit blinks!
You feel very mighty all of a sudden. Prince Ribbit hits you!
You miss Prince Ribbit. Prince Ribbit hits you! Prince Ribbit misses you.
You miss Prince Ribbit.
Prince Ribbit blinks!
Prince Ribbit croaks regally.
Prince Ribbit hits you!
* * * LOW HITPOINT WARNING * * *
You are too injured to fight recklessly!
You are too injured to fight recklessly!
You miss Prince Ribbit. Prince Ribbit hits you.
* * * LOW HITPOINT WARNING * * *
Prince Ribbit hits you.
* * * LOW HITPOINT WARNING * * *
You miss Prince Ribbit. Prince Ribbit hits you.
You die...

############
...........##
#!#.......#
#...####..#
..... #.@#
.....#####F.#
............#
.##.#####...#
#...#
#.#####...###
#...........##
#######......#
#.......[...#


You could see Prince Ribbit.

Vanquished Creatures
  A giant frog (D:6)
  A worm (D:2)
  A dart slug (D:1)
  2 giant geckos (D:1)
  An orc (D:6)
  2 giant cockroaches (D:1)
  6 goblins
  5 hobgoblins
  4 kobolds (D:1)
  A quokka (D:3)
  2 bats
  4 giant newts (D:1)
  A quokka zombie (D:5)
  3 rats
34 creatures vanquished.

Notes
Turn   | Place    | Note
-------+----------+-------------------------------------------
     0 | D:1      | Leszczynek the Ogre Earth Elementalist began the quest for the Orb.
     0 | D:1      | Reached XP level 1. HP: 16/16 MP: 3/3
    38 | D:1      | Reached skill level 1 in Maces & Flails
   121 | D:1      | Reached skill level 2 in Maces & Flails
   121 | D:1      | Reached XP level 2. HP: 16/26 MP: 1/5
   160 | D:1      | Reached skill level 1 in Fighting
   247 | D:1      | Learned a level 2 spell: Passwall
   438 | D:2      | Reached skill level 3 in Maces & Flails
   438 | D:2      | Reached XP level 3. HP: 29/33 MP: 2/6
   664 | D:2      | Found a shattered altar of Ashenzari.
   668 | D:2      | Saw a vision of the Shoals and the Snake Pit.
   668 | D:2      | Noticed a naga warrior
   668 | D:2      | Noticed a naga
   668 | D:2      | Noticed a centaur
   668 | D:2      | Noticed a guardian serpent
   668 | D:2      | Noticed a siren
   668 | D:2      | Noticed a siren
   668 | D:2      | Noticed an anaconda
   668 | D:2      | Noticed a black mamba
   668 | D:2      | Noticed a naga
   668 | D:2      | Noticed a naga
   668 | D:2      | Noticed a black mamba
   668 | D:2      | Noticed a siren
   668 | D:2      | Noticed a hippogriff
   669 | D:2      | Noticed a naga
   670 | D:2      | Noticed a shock serpent
   670 | D:2      | Noticed a centaur
   691 | D:2      | Reached skill level 2 in Fighting
   929 | D:5      | Entered Level 5 of the Dungeon
   934 | D:5      | Noticed an ice beast
  1067 | D:4      | Noticed a phantom
  1144 | D:5      | Noticed an ogre
  1156 | D:6      | Noticed a giant frog
  1157 | D:6      | Noticed Eustachio
  1171 | D:6      | Killed a giant frog
  1171 | D:6      | Reached skill level 3 in Fighting
  1171 | D:6      | Reached skill level 4 in Maces & Flails
  1171 | D:6      | Reached XP level 4. HP: 32/45 MP: 7/7
  1356 | D:6      | Noticed Prince Ribbit
  1373 | D:6      | HP: 4/45 [Prince Ribbit (3)]
  1374 | D:6      | Slain by Prince Ribbit

Vault maps used:
D:1:      minmay_arrival_four_houses, minivault_4, st_stairs_12, minmay_unequal
D:2:      grunt_ashenzari_visionary
D:3:      ecumenical_altar_2
D:5:      minitemple, first_bread, hangedman_abyss_or_decor_slice
D:6:      uniq_eustachio, uniq_prince_ribbit1

Skill      XL: |  1  2  3 |
---------------+----------+-----
Maces & Flails | 2 3 4 |  4.6
Fighting       | 1 3 |  3.1
Dodging        | |  1.7
Stealth        | |  1.5
Spellcasting   | |  2.4
Transmutations | |  0.6
Earth Magic    | |  2.1

Action                   |  1- 3 |  4- 6 || total
-------------------------+-------+-------++-------
Melee: Mace              |    76 |    29 ||   105
 Cast: Sandblast         |    31 |       ||    31
  Use: Scroll            |       |     5 ||     5
       Potion            |       |     3 ||     3
 Stab: Invisible         |       |     2 ||     2
       Sleeping          |       |     1 ||     1
  Eat: Royal jelly       |     1 |       ||     1
       Chunk             |     1 |       ||     1
Armor: Robe              |    39 |     2 ||    41
Dodge: Dodged            |    73 |    14 ||    87
